Description

Hey everyone this is my build for Kerrigan. We focus on early hatcheries and gas to get larva production without queens. Omega worms are used for army movement and to get creep spread for Malignant creep. I go over the build in the video.

VOD

https://www.youtube.com/watch?v=MVX3t93h9Fc

Replay - Best Build Orders Kerrigan Easy Expo

Build Order

Get SALT Encoding   

  12  0:03  Drone  
  13  0:15  Drone  
  14  0:28  Drone, Extractor  Cancel for the Extractor Trick
  15  0:32  Overlord  
  15  1:09  Hatchery  
  14  1:15  Drone  
  15  1:23  Drone x2  
  17  1:42  Drone x2  
  17  1:47  Extractor  
  18  1:55  Drone  
  19  2:06  Drone  
  21  2:22  Extractor  
  23  2:42  Hatchery  
  26  3:24  Spawning Pool  
  26  3:37  Overlord  
  27  3:55  Evolution Chamber  
  26  4:01  Lair  
  36  4:58  Heroic Fortitude  
  39  5:13  Hatchery  
  41  5:32  Chain Reaction  
  41  5:37  Hive  
  41  5:43  Overlord  
  44  6:13  Extractor x2  
  51  6:54  Ability Efficiency  
  51  7:02  Pneumatized Carapace  
  51  7:08  Nydus Network x2  
  51  7:21  Nydus Network x2  
  51  7:23  Hydralisk Den  
  49  7:41  Overlord x2  
  49  7:59  Zerg Missile Weapons Level 1  
  49  8:04  Omega Worm  
  49  8:19  Hydralisk x9, Muscular Augments  
  73  8:50  Hydralisk  
  73  8:57  Omega Worm  
  83  9:14  Zerg Missile Weapons Level 2  
  83  9:20  Ancillary Carapace  
  83  9:55  Omega Worm  
Spawning Tool Build Advisor. Get it on Overwolf

Go to:

Details

  • Created by: hunter      
  • Published on: Jun 09, 2018
  • Modified on: Jul 18, 2018
  • Patch: 4.0.0
  • Difficulty: Easy
Show
View Real Time Build Order
Export as new Build Order

Comments (0)

There are no comments. Be the first!

Create an account to comment!